 Dungeon Crawl Stone Soup version 0.28-a0-622-gbaef9634d7 (webtiles) character file.

Game seed: 9056240490367109537

46 pokeman the Magician (level 3, 0/20 HPs)
             Began as a Deep Elf Hedge Wizard on Oct 8, 2021.
             Killed from afar by Natasha (2 damage)
             ... with a magic dart
             ... on level 3 of the Dungeon.
             The game lasted 00:04:06 (2085 turns).

pokeman the Magician (Deep Elf Hedge Wizard)        Turns: 2085, Time: 00:04:07

Health: 0/20       AC:  4    Str:  7    XL:     3   Next: 44%
Magic:  5/11       EV: 12    Int: 19    God:
Gold:   16         SH:  0    Dex: 14    Spells: 1/12 levels left

rFire   . . .      SeeInvis .   h - +5 short sword
rCold   . . .      Faith    .   (no shield)
rNeg    . . .      Spirit   .   b - +0 robe
rPois   .          Reflect  .   c - +0 hat
rElec   .          Harm     .   (no cloak)
rCorr   .          Rampage  .   (no gloves)
Will    .....                   k - +1 pair of boots
Stlth   ++........              (no amulet)
HPRegen 0.06/turn               (no ring)
MPRegen 0.12/turn               (no ring)

@: slowed, very slow
A: no striking features
a: no special abilities


You were on level 3 of the Dungeon.
You visited 1 branch of the dungeon, and saw 3 of its levels.

You collected 16 gold pieces.

Inventory:

Hand Weapons
 h - a +5 short sword (weapon)
Missiles
 a - 27 bolts
 d - 20 arrows
Armour
 b - a +0 robe (worn)
 c - a +0 hat (worn)
 k - a +1 pair of boots (worn)
Scrolls
 e - 3 scrolls of teleportation {unknown}
 f - a scroll of amnesia {unknown}
 g - a scroll of enchant armour {unknown}
 i - 3 scrolls of identify {unknown}
Potions
 j - a potion of ambrosia {unknown}


   Skills:
 + Level 0.9 Fighting
 - Level 1.0 Armour
 + Level 2.4 Dodging
 - Level 2.4 Stealth
 * Level 5.2 Spellcasting
 + Level 1.9 Conjurations
 - Level 1.1 Summonings
 - Level 1.1 Translocations


You had one spell level left.
You knew the following spells:

 Your Spells              Type           Power      Damage    Failure   Level
a - Magic Dart            Conj           48%        1d5       5%          1
b - Mephitic Cloud        Conj/Pois/Air  7%         N/A       28%         3
c - Call Imp              Summ           9%         N/A       12%         2
d - Blink                 Tloc           N/A        N/A       12%         2
e - Conjure Flame         Conj/Fire      8%         6-21      24%         3

Your spell library contained the following spells:

 Spells                   Type           Power      Damage    Failure   Level
 Slow                     Hex            4%         N/A       19%         2
 Ignite Poison            Fire/Tmut/Pois 4%         N/A       36%         3
 Sticky Flame             Conj/Fire      8%         2d3       63%         4


Dungeon Overview and Level Annotations

Branches:
Dungeon (3/15)

Altars:

Shops:
D:2 =

Annotations:
D:3 Natasha


Message History

Aim: Natasha (wandering, hasn't noticed you, 100% to hit)
The magic dart hits Natasha but does no damage.
Natasha hisses angrily.
Natasha casts a spell at you. The magic dart hits you!
Casting: Magic Dart (safe; 5% risk of failure)
Confirm with . or Enter, or press ? or * to list all spells.
Okay, then.
Unknown command.
Natasha casts a spell at you.
You feel yourself slow down.
Natasha drinks a potion.
Natasha flickers and vanishes!
Deactivating autopickup; reactivate with Ctrl-A.
You see here a ball python corpse.
Something claws you.
You hear some strange, mumbled words.
The crimson imp blinks!
The crimson imp closely misses you. The crimson imp closely misses you.
You hear some strange, mumbled words.
You feel as though you will be slow longer.
The crimson imp blinks!
The crimson imp closely misses you.
You barely miss the crimson imp. The crimson imp closely misses you.
Something claws you. The crimson imp closely misses you.
Something claws you but does no damage. The crimson imp misses you.
Something claws you but does no damage.
The crimson imp grinds its teeth.
Something claws you.
* * * LOW HITPOINT WARNING * * *
The crimson imp disappears in a puff of smoke!
The crimson imp spits at you.
You hear some strange, mumbled words.
The crimson imp blinks!
You hear some strange, mumbled words.
The crimson imp hits you.
* * * LOW HITPOINT WARNING * * *
Something claws you but does no damage.
A magic dart appears from out of thin air!
The magic dart hits you.
You die...

).. #'# ###### ##.#
#.5..###+###.#.#
#.#{.@...†..##.##
#.#5##.###..#...##
####.#.###.#.#......#####
#..5....##...............
#.##......†###.##.#######
# ###.........##.#
##.#########.# #.# #†#
..# #†#


You could see 2 crimson imps.

Vanquished Creatures
  An adder (D:2)
  2 worms (D:2)
  An endoplasm (D:1)
  2 giant cockroaches
  2 goblins (D:2)
  A hobgoblin (D:3)
  2 jackals (D:3)
  5 ball pythons
  5 bats
  4 frilled lizards
  5 kobolds
  4 rats
34 creatures vanquished.

Notes
Turn   | Place    | Note
-------+----------+-------------------------------------------
     0 | D:1      | pokeman the Deep Elf Hedge Wizard began the quest for the
                  | Orb.
     0 | D:1      | Reached XP level 1. HP: 10/10 MP: 7/7
   495 | D:1      | Reached XP level 2. HP: 15/15 MP: 7/9
   718 | D:2      | Reached skill level 5 in Spellcasting
  1009 | D:2      | Reached XP level 3. HP: 8/20 MP: 1/11
  1013 | D:2      | Learned a level 3 spell: Mephitic Cloud
  1016 | D:2      | Learned a level 2 spell: Call Imp
  1019 | D:2      | Learned a level 2 spell: Blink
  1023 | D:2      | Learned a level 3 spell: Conjure Flame
  1505 | D:2      | Found Peokusk's Jewellery Shop.
  1978 | D:3      | Reached skill level 1 in Armour
  2062 | D:3      | Noticed Natasha
  2085 | D:3      | Killed from afar by Natasha

Illustrated notes

Levels and vault maps discovered:
D:1:      erik_arrival_blinker_ship, layout_rooms, grunt_decor_clamped
D:2:      layout_loops_ring, serial_shops, shop, hex_large
D:3:      layout_loops_corners, nicolae_overflow_hidden_temple,
          old_standard_altar, minitemple, lightli_corner_chamber, uniq_robin,
          uniq_natasha, uniq_jessica

Skill      XL: |  1  2  3 |
---------------+----------+-----
Spellcasting   | 5 |  5.2
Armour         | 1 |  1.0
Fighting       | |  0.9
Dodging        | |  2.4
Stealth        | |  2.4
Conjurations   | |  1.9
Summonings     | |  1.1
Translocations | |  1.1

Action                   || total
-------------------------++-------
Melee: Short sword       ||     3
 Cast: Magic Dart        ||    92
Armor: Robe              ||     9
Dodge: Dodged            ||    16

Table legend: (Time is in decaauts)
 A = Elapsed time spent in this place.
 B = Non-inter-level travel time spent in this place.
 C = Inter-level travel time spent in this place.
 D = Time resting spent in this place.
 E = Time spent auto-exploring this place.
 F = Levels seen in this place.
 G = Mean time per level.
                   A        B        C        D        E       F      G
               +--------+--------+--------+--------+--------+-----+--------+
         Total |   2093 |   2055 |     38 |    166 |   1635 |   3 |  697.7 |
       Dungeon |   2093 |   2055 |     38 |    166 |   1635 |   3 |  697.7 |
               +--------+--------+--------+--------+--------+-----+--------+

Top non-repeatable levels by time:
     D:2: 1390 daAuts
     D:1: 582 daAuts
     D:3: 120 daAuts
